 Dungeon Crawl Stone Soup version 0.25.0-26-g0c896c7088 (webtiles) character file.

Game seed: 8336024642648240779

172 protoss039 the Sneak (level 5, -2/28 HPs)
             Began as a Vampire Enchanter on July 4, 2020.
             Slain by an iguana (13 damage)
             ... on level 3 of the Dungeon.
             The game lasted 00:11:53 (1764 turns).

protoss039 the Sneak (Vampire Enchanter)            Turns: 1764, Time: 00:11:54

Health: -2/28      AC:  2    Str:  7    XL:     5   Next: 27%
Magic:  9/9        EV: 13    Int: 17    God:
Gold:   123        SH:  0    Dex: 16    Spells: 0/9 levels left

rFire    . . .     SeeInvis +   i - +1 dagger (venom)
rCold    + + .     Gourm    .   (no shield)
rNeg     + + +     Faith    .   b - +0 robe
rPois    ∞         Spirit   .   (no helmet)
rElec    .         Reflect  .   (no cloak)
rCorr    +         Harm     .   (no gloves)
MR       .....                  (no boots)
Stlth    +++++.....             (no amulet)
HPRegen  0.00/turn              f - ring of resist corrosion
MPRegen  0.11/turn              (no ring)

@: bloodless
A: no food, fangs 3, see invisible, unbreathing
a: Bat Form, Revivify


You were on level 3 of the Dungeon.
You were bloodless.

You visited 1 branch of the dungeon, and saw 3 of its levels.

You collected 123 gold pieces.

Inventory:

Hand Weapons
 h - a +1 short sword of speed
 i - a +1 dagger of venom (weapon)
Armour
 b - a +0 robe (worn)
Jewellery
 f - a ring of resist corrosion (left hand)
Scrolls
 c - 5 scrolls of remove curse
 d - a scroll of fear
 g - a scroll of amnesia
Potions
 a - a potion of magic
 e - a potion of curing
 j - a potion of mutation {unknown}


   Skills:
 + Level 0.8 Fighting
 + Level 3.0 Short Blades
 + Level 3.1 Dodging
 + Level 5.6 Stealth
 + Level 2.8 Spellcasting
 + Level 5.2 Hexes
 + Level 0.1 Ice Magic


You couldn't memorise any spells.
You knew the following spells:

 Your Spells              Type           Power        Failure   Level  Hunger
a - Corona                Hex            ###....      1%          1    N/A
b - Confusing Touch       Hex            ###.....     6%          3    N/A
c - Ensorcelled Hibernat  Hex/Ice        ##....       9%          2    N/A
d - Tukima's Dance        Hex            ###.....     6%          3    N/A

Your spell library contained the following spells:

 Spells                   Type           Power        Failure   Level  Hunger
 Dazzling Flash           Conj/Hex       ##....       19%         3    N/A

Dungeon Overview and Level Annotations

Branches:
Dungeon (3/15)

Altars:
Gozag
Zin

Annotations:
D:3 Robin


Innate Abilities, Weirdness & Mutations

You do not eat.
You do not regenerate when monsters are visible.
You are frail without blood (-20% HP).
You can heal yourself when you bite living creatures.
You are immune to poison.
You have razor-sharp teeth.
You have supernaturally acute eyesight. (SInv)
You can survive without breathing.


Message History

You hit the hobgoblin but do no damage.
The hobgoblin looks as sick as possible!
The hobgoblin is almost dead.
You kill the hobgoblin!
The goblin closely misses you.
Things that are here:
a hobgoblin corpse; a giant cockroach corpse You hit the goblin.
You kill the goblin!
You barely miss the iguana. The iguana bites you.
You hit the iguana.
The iguana is poisoned.
The iguana is lightly wounded.
The iguana bites you!
You hit the iguana but do no damage.
The iguana looks as sick as possible!
The iguana is lightly wounded.
The iguana misses you.
You hit the iguana.
The iguana looks as sick as possible!
The iguana is lightly wounded.
The iguana bites you!
You die...

.##.#.##..####...........#
.##.#.##....(#########.#.#
....s........# #.#.#
......#......# #.#.#
...#..#......# #.#.#
...#..#......# ###.#
#.##..#....g.# #.#
#(##..#......###########.##
.........r.....l@.........#
#.##..##################.##
....> #.# #.### #.# # #.#
#.# #.# #.# #.#


You could see an iguana (extremely poisoned) and a quokka (wandering).

Vanquished Creatures
  An ogre (D:2)
  Jessica (D:2)
  An adder (D:2)
  An ooze (D:1)
  A worm (D:2)
  A dart slug (D:2)
  7 bats
  4 giant cockroaches
  6 goblins
  7 hobgoblins
  2 ball pythons
  8 kobolds
  7 rats
47 creatures vanquished.

Notes
Turn   | Place    | Note
-------+----------+-------------------------------------------
     0 | D:1      | protoss039 the Vampire Enchanter began the quest for the
                  | Orb.
     0 | D:1      | Reached XP level 1. HP: 13/13 MP: 3/3
   219 | D:1      | Reached XP level 2. HP: 13/19 MP: 3/5
   731 | D:1      | Reached XP level 3. HP: 23/25 MP: 4/6
   963 | D:2      | Learned a level 3 spell: Confusing Touch
   967 | D:2      | Learned a level 3 spell: Tukima's Dance
   985 | D:2      | Learned a level 2 spell: Ensorcelled Hibernation
  1146 | D:2      | Noticed an ogre
  1154 | D:2      | Killed an ogre
  1154 | D:2      | Reached skill level 5 in Stealth
  1154 | D:2      | Reached skill level 5 in Hexes
  1154 | D:2      | Reached XP level 4. HP: 24/24 MP: 4/8
  1154 | D:2      | Reached XP level 5. HP: 28/28 MP: 4/9
  1171 | D:2      | Found a glowing silver altar of Zin.
  1172 | D:2      | Found an opulent altar of Gozag.
  1254 | D:2      | Noticed Jessica
  1261 | D:2      | Killed Jessica
  1311 | D:2      | Learned a level 3 spell: Tukima's Dance
  1716 | D:3      | Identified the cursed +0 helmet of Parlour Games {rCorr
                  | Int+2}
  1716 | D:3      | Noticed Robin
  1764 | D:3      | Slain by an iguana

Illustrated notes

Levels and vault maps discovered:
D:1:      scummos_arrival_checkerplants, layout_loops_ring
D:2:      layout_rooms, grunt_temple_overflow_gold_and_silver, uniq_jessica
D:3:      layout_basic, lemuel_doored_altar, minmay_diced_spiral, uniq_grinder,
          uniq_robin

Skill      XL: |  1  2  3  4  5 |
---------------+----------------+-----
Short Blades   | 2 3 |  3.0
Dodging        | 3 |  3.1
Stealth        | 5 |  5.6
Hexes          | 5 |  5.2
Fighting       | |  0.8
Spellcasting   | |  2.8
Ice Magic      | |  0.1

Action                   |  1- 3 |  4- 6 || total
-------------------------+-------+-------++-------
Melee: Dagger            |   131 |    24 ||   155
       Bite              |    12 |     2 ||    14
 Cast: Corona            |    18 |     4 ||    22
       Ensorcelled Hiber |     1 |       ||     1
 Abil: Exsanguinate      |     1 |       ||     1
  Use: Scroll            |     3 |     2 ||     5
 Stab: Sleeping          |     8 |     2 ||    10
Armor: Robe              |    24 |     8 ||    32
Dodge: Dodged            |    97 |    17 ||   114
